Map: Oxide LE

Players

Varangian - Winner!

  • Race: Zerg Zerg
  • League: Gold
  • Spawn Location: 7:00

Massa

  • Race: Terran Terran
  • League: Platinum
  • Spawn Location: 1:00

VOD

Have the link to the VOD?

Description

Time

  • Played on: Jan. 12, 2021, 11:07 a.m.
  • Length: 14:54
Show
View Real Time Build Order
Export as new Build Order

Varangian Zerg - Winner!

Build Orders: Hatch First, Lurkers 

Get SALT Encoding   

  12  0:04  Drone  
  13  0:15  Overlord  
  13  0:22  Drone  
  14  0:34  Drone x2  
  16  0:39  Drone  
  17  0:53  Hatchery  
  17  0:55  Drone  
  17  0:59  Drone  
  18  1:14  Extractor  
  18  1:17  Spawning Pool  
  16  1:18  Drone  
  16  1:21  Drone  
  18  1:32  Drone  
  19  1:42  Overlord  
  19  1:53  Drone  
  20  2:08  Zergling x4  
  20  2:11  Queen x2  
  26  2:22  Drone x2  
  28  2:24  Metabolic Boost  
  28  2:37  Drone x2  
  28  2:38  Drone  
  28  2:42  Drone  
  32  2:47  Overlord  
  32  2:49  Queen  
  34  2:53  Queen  
  35  3:24  Drone  
  35  3:25  Drone x7  
  43  3:35  Overlord x2  
  43  3:39  Hatchery  
  42  3:46  Lair  
  42  3:50  Extractor  
  42  3:51  Drone x2  
  42  3:52  Overlord  
  42  3:53  Overlord  
  43  3:58  Extractor  
  43  4:01  Extractor  
  41  4:09  Zergling x6  
  45  4:10  Zergling x2  
  45  4:13  Baneling Nest  
  45  4:16  Drone  
  47  4:17  Drone x2  
  47  4:19  Drone  
  48  4:28  Drone x3  
  48  4:29  Drone x2  
  53  4:44  Drone  
  54  4:54  Evolution Chamber  
  54  4:55  Evolution Chamber  
  54  4:56  Queen, Hydralisk Den  
  53  5:05  Drone x3  
  53  5:06  Drone x3  
  59  5:07  Pneumatized Carapace  
  59  5:15  Overseer  
  59  5:17  Baneling x5  
  59  5:18  Centrifical Hooks  
  59  5:20  Zergling x2  
  59  5:21  Zergling x10  
  65  5:26  Spore Crawler  
  64  5:32  Muscular Augments  
  61  5:54  Zergling x18  
  67  6:25  Drone x7  
  73  6:32  Baneling x2  
  68  6:43  Grooved Spines  
  68  6:44  Zergling x2  
  68  6:45  Zergling x12  
  75  6:48  Zerg Melee Weapons Level 1  
  75  6:49  Zerg Ground Armor Level 1  
  75  6:58  Hydralisk x3  
  81  7:02  Overlord x4  
  81  7:03  Overlord  
  75  7:22  Baneling  
  75  7:23  Baneling x6  
  75  7:24  Baneling x2  
  71  7:30  Baneling x5  
  68  7:43  Queen  
  70  7:44  Queen  
  70  7:46  Drone  
  70  7:47  Drone x14  
  79  8:05  Zergling x2  
  79  8:06  Zergling x10  
  85  8:23  Extractor  
  85  8:25  Extractor, Spore Crawler  
  82  8:30  Hatchery  
  81  8:38  Zergling x2  
  81  8:39  Zergling x26  
  95  8:45  Hatchery  
  94  8:50  Infestation Pit  
  94  8:51  Spore Crawler  
  92  8:56  Drone x3, Lurker Den  
  92  8:57  Drone x2  
  92  9:00  Queen  
  97  9:12  Baneling x4  
  97  9:13  Baneling  
  97  9:14  Zergling x2  
  97  9:15  Zergling x14  
  104  9:36  Zergling x2  
  104  9:37  Zergling x24  
  105  9:44  Baneling x5  
  105  9:45  Baneling x2  
  104  9:53  Zergling x2  
  104  9:54  Zergling x8  
  87  10:14  Zergling x18  
  87  10:15  Zergling x2  
  90  10:26  Queen  
  92  10:29  Drone  
  92  10:30  Drone x5  
  92  10:32  Queen  
  100  10:43  Hive  
  100  10:44  Zerg Melee Weapons Level 2  
  100  10:46  Zerg Missile Weapons Level 1, Hydralisk  
  100  10:47  Hydralisk x9  
  120  10:51  Baneling x12  
  120  10:52  Baneling x8  
  120  10:58  Hydralisk  
  120  10:59  Hydralisk x4  
  130  11:27  Drone x3  
  130  11:29  Overlord x9  
  129  11:50  Hydralisk  
  129  11:51  Hydralisk x12  
  155  11:57  Lurker x11  
  166  12:02  Queen  
  166  12:06  Zergling x16  
  166  12:07  Zergling x2  
  176  12:29  Zergling x2  
  178  12:30  Zergling x20  
  171  12:49  Zergling x2  
  171  12:50  Zergling x22  
  171  13:07  Zergling x4  
  171  13:08  Zergling x16  
  177  13:17  Baneling  
  177  13:18  Baneling x14  
  177  13:25  Extractor  
  176  13:28  Extractor  
  175  13:38  Zergling x30  
  190  13:41  Baneling  
  190  13:42  Baneling x21  
  190  13:43  Baneling x2  
  165  14:16  Zergling x2  
  154  14:17  Zergling x42  
  154  14:18  Zergling x6  
  178  14:37  Spore Crawler  
  177  14:48  Ultralisk Cavern  
Show
View Real Time Build Order
Export as new Build Order

Massa Terran 

Build Orders: 2 Factory 

Get SALT Encoding   

  12  0:00  SCV  
  13  0:12  SCV  
  14  0:17  Supply Depot  
  14  0:24  SCV  
  15  0:39  SCV  
  15  0:42  Barracks  
  16  0:51  SCV  
  17  1:02  Refinery  
  17  1:03  SCV  
  18  1:15  SCV  
  18  1:16  Refinery  
  19  1:27  SCV  
  20  1:32  Marine  
  21  1:41  Orbital Command  
  21  1:51  Command Center  
  21  2:08  Barracks Tech Lab  
  21  2:10  Factory  
  21  2:34  Marine  
  21  2:42  SCV  
  22  2:47  Supply Depot  
  22  2:59  Factory  
  21  3:13  Hellion  
  21  3:15  Marine  
  21  3:19  SCV  
  24  3:29  Command Center  
  24  3:34  Hellion  
  26  3:42  Orbital Command  
  26  3:46  Factory Reactor  
  26  3:48  Barracks Tech Lab  
  26  3:56  Hellion  
  26  3:59  Infernal Pre-Igniter  
  26  4:01  SCV  
  29  4:13  SCV  
  29  4:15  SCV  
  31  4:17  Hellion  
  33  4:25  SCV, Hellion  
  33  4:26  Hellion  
  33  4:27  SCV  
  39  4:42  SCV x3  
  42  4:49  Barracks, Engineering Bay  
  42  4:54  SCV x2, Hellion  
  46  5:06  Hellion x2  
  50  5:10  Supply Depot  
  50  5:12  SCV x2, Supply Depot  
  52  5:20  Missile Turret  
  52  5:22  Barracks Tech Lab  
  52  5:31  SCV x3  
  55  5:36  Missile Turret  
  55  5:43  SCV x3  
  56  5:55  SCV  
  55  6:00  Hellion x3  
  59  6:05  Armory  
  57  6:22  Hellion x3  
  59  6:43  Hellion x2  
  59  6:44  Hellion  
  63  7:07  Hellion x2  
  63  7:08  Hellion  
  65  7:31  Marauder, Stimpack  
  65  7:32  Combat Shield  
  65  7:34  Marine  
  58  7:40  Barracks  
  58  7:43  Barracks  
  58  7:44  Barracks x2  
  56  7:47  Hellion x2  
  56  7:48  Hellion  
  62  7:52  Marauder, Marine  
  55  8:02  SCV x3  
  58  8:05  Refinery  
  58  8:07  Refinery  
  58  8:09  Hellion x3  
  58  8:10  Starport, Marine  
  65  8:14  SCV x3  
  65  8:15  Marine  
  65  8:19  Terran Infantry Weapons Level 1  
  69  8:23  Engineering Bay, Terran Vehicle Weapons Level 1  
  69  8:26  SCV x2  
  71  8:28  Hellion, Marine  
  71  8:30  Hellion x2  
  71  8:33  Starport, Marine  
  77  8:40  Supply Depot x2  
  77  8:42  Supply Depot  
  77  8:43  Supply Depot  
  77  8:52  Barracks Reactor x2  
  77  8:59  Terran Infantry Armor Level 1  
  77  9:01  Barracks Reactor, Marine x2  
  77  9:02  Hellion  
  81  9:04  Barracks Reactor  
  81  9:05  Supply Depot  
  81  9:06  Supply Depot  
  81  9:07  Supply Depot  
  81  9:13  Hellion x2  
  85  9:19  Marine  
  85  9:20  Marauder  
  85  9:21  SCV x2  
  85  9:23  Hellion  
  90  9:33  SCV x2  
  90  9:35  Hellion x2  
  90  9:37  Marine  
  68  9:41  Marine  
  68  9:43  Marine x8  
  68  9:45  SCV, Hellion  
  78  9:52  Command Center  
  77  9:55  Marine  
  77  9:56  Hellion x2  
  77  9:58  Marine  
  83  10:00  Marine  
  83  10:01  Marine x4  
  83  10:05  SCV  
  83  10:06  SCV  
  80  10:11  Marine x3  
  80  10:13  Marauder  
  81  10:14  Hellion  
  81  10:15  Medivac  
  81  10:17  Hellion, Marauder  
  81  10:18  SCV x2, Marine  
  81  10:19  Marine x4  
  86  10:28  Bunker  
  86  10:29  Marine  
  86  10:31  Supply Depot  
  86  10:35  Marauder  
  89  10:37  Supply Depot  
  89  10:39  Marine x4  
  89  10:40  Marine x4  
  97  10:44  Hellion  
  97  10:47  Marine  
  100  11:11  Terran Infantry Armor Level 2, Terran Infantry Weapons Level 2  
  100  11:18  Hellion x5  
  84  11:50  Marine  
  84  11:51  Marine x9  
  90  11:58  Planetary Fortress  
  90  12:01  SCV  
  91  12:08  Marine  
  91  12:09  Marine x5  
  91  12:10  Marauder x2  
  91  12:11  Bunker  
  91  12:12  Hellion x2  
  105  12:17  Medivac x2  
  109  12:29  Hellion x2  
  109  12:31  Marauder x2  
  73  12:52  SCV x3, Marauder  
  73  12:57  Starport Tech Lab x2  
  78  13:04  SCV x3, Hellion x2  
  80  13:08  Marine x8  
  80  13:09  Marauder  
  88  13:14  Marauder  
  88  13:16  SCV x3  
  88  13:19  Siege Tank  
  94  13:24  Banshee x2  
  94  13:25  Hellion x2  
  94  13:26  Marine x3  
  107  13:28  SCV x2, Ghost Academy  
  107  13:31  Marauder  
  111  13:35  Marauder  
  113  13:45  Missile Turret  
  113  13:50  Marine  
  113  13:51  Marine, Siege Tank  
  113  13:52  Marauder  
  96  13:59  Command Center  
  96  14:00  SCV x2  
  69  14:18  Marine  
  69  14:19  Marauder x2  
Tags
 
Composition
Lurkers
Matchup
TvZ
Replay Pack
Multiplayer
Spawn Locations
Cross Positions
Add a new tag
Caveats
  • Supply blocks, unpowered buildings, or Contaminate may cause inaccurate times.
  • Supply counts are checked every 10 seconds.